 Dungeon Crawl Stone Soup version 0.32-a0-859-gb0a091d592 (webtiles) character file.

Game seed: 4064856727349891188

21931 Xavori the Nimble (level 13, -1/116 (120) HPs)
             Began as a Djinni Chaos Knight on Mar 28, 2024.
             Was a Plaything of Xom.
             Slain by a yak (11 damage)
             ... on level 9 of the Dungeon.
             The game lasted 00:20:08 (22411 turns).

Xavori the Nimble (Djinni Chaos Knight)            Turns: 22411, Time: 00:20:09

HP:   -1/116 (120)  AC: 15    Str: 14    XL:     13   Next: 23%
Gold: 871           EV: 24    Int: 12    God:    Xom [..*...] SH:  8 Dex: 31

rFire   + + .        G - +5 long sword
rCold   x . .        t - +0 buckler
rNeg    . . .        M - +0 acid dragon scales
rPois   ∞            (helmet restricted)
rElec   .            F - +2 cloak
rCorr   +            r - +1 pair of gloves
SInv    .            (boots unavailable)
Will    +....        (no amulet)
Stlth   +++          O - +5 ring of evasion
HPRegen 0.00/turn    D - +8 ring of dexterity
MPRegen 0.00/turn

%: infuse magic (-2 HP)
@: flying, inhibited regen, lightly drained
A: sickness immunity, fire resistance 2, cold vulnerability 1, float, innate
caster, HP casting, extra vitality 1, beak, iridescent scales 1, thin skeletal
structure 1, agile 1, sense surroundings 1, robust 3, inhibited regeneration,
strong 1, teleportitis 1, evolution 1, MP-powered wands
a: Renounce Religion


You were on level 9 of the Dungeon.
You worshipped Xom.
You were a toy of Xom.
You visited 2 branches of the dungeon, and saw 12 of its levels.
You also visited: Ossuary.

You collected 1641 gold pieces.
You spent 770 gold pieces at shops.

Inventory:

Hand Weapons
 G - a +5 long sword (weapon)
Missiles
 Y - 4 throwing nets (quivered)
Armour
 b - a +2 leather armour
 r - a +1 pair of gloves (worn)
 t - a +0 buckler (worn)
 F - a +2 cloak (worn)
 H - +0 steam dragon scales
 M - +0 acid dragon scales (worn)
 Z - a +4 scale mail
Jewellery
 k - a ring of positive energy
 D - a +8 ring of dexterity (right hand)
 L - a ring of protection from cold
 O - a +5 ring of evasion (left hand)
 P - a +6 ring of intelligence
 V - a ring of protection from cold
Wands
 o - a wand of mindburst (11)
 B - a wand of flame (13)
 K - a wand of digging (4)
 Q - a wand of iceblast (8)
 R - a wand of acid (4)
 W - a wand of polymorph (6)
 X - a wand of paralysis (5)
Scrolls
 c - a scroll of butterflies
 f - 4 scrolls of amnesia
 g - 2 scrolls of brand weapon
 i - 4 scrolls of fog
 j - 2 scrolls of torment
 n - 5 scrolls of revelation
 p - 2 scrolls of enchant weapon
 q - 2 scrolls of immolation
 y - 5 scrolls of blinking
 z - 9 scrolls of teleportation
 A - 5 scrolls of poison
 E - 3 scrolls of noise
 N - a scroll of enchant armour
 T - a scroll of fear
Potions
 a - a potion of ambrosia {unknown}
 d - a potion of haste {unknown}
 e - a potion of invisibility {unknown}
 h - 3 potions of lignification
 l - 2 potions of attraction {unknown}
 m - a potion of resistance {unknown}
 s - 4 potions of heal wounds
 u - 2 potions of might
 v - a potion of brilliance {unknown}
 w - 6 potions of curing
 x - 2 potions of degeneration {unknown}
 I - a potion of cancellation {unknown}
 S - a potion of enlightenment
 U - a potion of mutation {unknown}
Miscellaneous
 J - a Gell's gravitambourine (2/2)


   Skills:
 + Level 8.3 Fighting
 + Level 7.6 Long Blades
 + Level 7.7 Armour
 + Level 8.8 Dodging
 + Level 7.2 Shields
 * Level 8.3 Spellcasting
 * Level 8.3 Conjurations
 * Level 8.3 Hexes
   Level 0.0 Charms
 * Level 8.3 Summonings
 * Level 8.3 Necromancy
 * Level 8.3 Translocations
   Level 0.0 Transmutations
 * Level 8.3 Fire Magic
 * Level 8.3 Ice Magic
 * Level 8.3 Air Magic
 * Level 8.3 Earth Magic
 * Level 8.3 Alchemy
 * Level 7.3 Evocations


You knew the following spells:

 Your Spells              Type           Power      Damage    Failure   Level
a - Sandblast             Erth           48%        2d12      1%          1
b - Searing Ray           Conj           48%        2d6       1%          2
c - Momentum Strike       Conj/Tloc      48%        3d9       1%          2
d - Tukima's Dance        Hex            24%        N/A       2%          3
e - Cause Fear            Hex            12%        N/A       9%          4
f - Summon Mana Viper     Hex/Summ       24%        N/A       22%         5
Your spell library was empty.

Dungeon Overview and Level Annotations

Branches:
Dungeon (11/15)            Temple (0/1) D:4            Lair (1/5) D:9
    Orc (0/2) D:10        Ossuary (visited)

Altars:
Ashenzari
Cheibriados
Fedhas
Gozag
Hepliaklqana
Makhleb
Okawaru
Ru
Uskayaw
Wu Jian
Xom
Zin
The Shining One

Shops:
D:3 :   D:6 (:=   D:10 :


Innate Abilities, Weirdness & Mutations

You are immune to sickness and miasma.
You are immune to poison.
Your flesh is very heat resistant. (rF++)
You are vulnerable to cold. (rC-)
You float through the air rather than walking.
You learn spells naturally, not from books.
Your magical power is your life essence.
You have superior vitality. (+4 MHP)
You have a beak for a mouth.
You are partially covered in iridescent scales. (AC +2)
You have a somewhat thin skeletal structure. (Dex +2, Stealth+)
You are agile. (Dex +4, Str/Int -1)
You passively map a small area around you.
You are extremely robust. (+30% HP)
You do not regenerate when monsters are visible.
Your muscles are strong. (Str +4, Int/Dex -1)
You are occasionally teleported next to monsters.
You have hidden genetic potential.
You expend health (3 HP) to strengthen your wands.


Message History

The komodo dragon is heavily wounded.
The komodo dragon completely misses you.
The yak misses you. The yak completely misses you.
Unknown command.
Casting: Summon Mana Viper (dangerous; 22% risk of failure)
Confirm with . or Enter, or press ? or * to list all spells.
Okay, then.
Casting: Summon Mana Viper (dangerous; 22% risk of failure)
Confirm with . or Enter, or press ? or * to list all spells.
Casting: Cause Fear (dangerous; 9% risk of failure)
Press: ? - help, Dir - look around, f - activate The komodo dragon easily resists.
The yak looks frightened! x2
* * * LOW HITPOINT WARNING * * *
The komodo dragon bites you but does no damage.
The yak gores the plant!!
The plant begins to die.
Unknown command.
You hit the komodo dragon but do no damage.
You peck the komodo dragon, but do no damage.
The komodo dragon is heavily wounded.
You block the komodo dragon's attack.
The yak gores the plant!
The plant begins to die.
Cornered, the yak turns to fight!
You barely miss the komodo dragon.
The komodo dragon is heavily wounded.
You block the komodo dragon's attack. You block the yak's attack.
You slash the komodo dragon!
The komodo dragon is almost dead.
The komodo dragon closely misses you. The yak gores you!
* * * LOW HITPOINT WARNING * * *
You slash the komodo dragon!
You kill the komodo dragon!
The yak completely misses you.
You slash the yak! Your peck misses the yak.
The yak is lightly wounded.
A nearby plant withers and dies. x2; The yak gores you.
* * * LOW HITPOINT WARNING * * *
You slash the yak!
The yak is heavily wounded.
The yak gores you!
You die... "It was about time." ########### ##P.P.PPPPP## #PP.YPPPPPPP##

#PP†@÷.PPP.P.###
#PP[....PP.....#
#PPPP........#.######
#PP.PP......##.(....#
##.........###..>...#
###.....#####.......
###.##....#.......
#.÷.....#......#
####....#......#


You could see a yak.

Vanquished Creatures
  Snorg (D:10)
  Harold (Lair:1)
  A centaur warrior (D:10)
  A tengu warrior (D:9)
  Urug (Lair:1)
  An ugly thing (D:11)
  A meliai (shapeshifter) (D:10)
  2 manticores
  A cyclops (D:10)
  A black mamba (Lair:1)
  3 cane toads (Lair:1)
  An elephant (Lair:1)
  4 komodo dragons
  Maggie (D:9)
  2 rime drakes (Lair:1)
  A freezing wraith (D:10)
  An efreet (D:10)
  4 trolls
  2 hornets
  3 blink frogs (Lair:1)
  3 shadows (D:10)
  21 yaks
  3 wraiths (D:10)
  5 steam dragons
  A basilisk (D:9)
  3 acid dragons
  A water moccasin (D:7)
  4 black bears
  7 orc warriors
  2 sky beasts
  An ogre (D:5)
  3 wolves (Lair:1)
  2 phantoms
  4 centaurs
  4 kobold brigands
  4 gnoll sergeants
  4 bullfrogs
  A scorpion (D:6)
  3 wights (D:6)
  4 killer bees (D:9)
  4 howler monkeys
  An electric eel (Lair:1)
  2 bullfrog zombies (Ossuary)
  A bombardier beetle (D:5)
  9 orc priests
  A gnoll bouda (D:7)
  4 jellies
  4 iguanas
  8 orc wizards
  A sleepcap (D:7)
  A killer bee zombie (Ossuary)
  A crocodile zombie (Ossuary)
  2 howler monkey zombies (Ossuary)
  11 gnolls
  7 adders
  A shadow imp (D:7)
  A white imp (D:6)
  A dart slug (shapeshifter) (D:7)
  3 dart slugs
  A ribbon worm (D:3)
  34 orcs
  10 ball pythons
  4 endoplasms
  5 giant cockroaches
  13 goblins
  12 hobgoblins
  6 jackals
  18 kobolds
  4 quokkas
  5 bats
  4 frilled lizards
  7 rats
299 creatures vanquished.

Vanquished Creatures (collateral kills)
  A centaur warrior (D:10)
  An orc knight (D:10)
  3 yaks
  An ogre (D:4)
  3 orc priests
  7 mummies (Ossuary)
  A hound zombie (Ossuary)
  2 howler monkey zombies (Ossuary)
  3 adders
  3 orcs
  A ball python (D:3)
  A hobgoblin (D:4)
  A bat (D:3)
28 creatures vanquished.

Vanquished Creatures (others)
  2 dancing weapons (D:10)
  3 yaks
  A bullfrog zombie (Ossuary)
  A gnoll bouda (D:5)
  A jelly (D:6)
  An orc (D:9)
  A ball python zombie (D:1)
10 creatures vanquished.

Grand Total: 337 creatures vanquished

Notes
Turn   | Place    | Note
-------+----------+-------------------------------------------
     0 | D:1      | Xavori the Djinni Chaos Knight began the quest for the Orb.
     0 | D:1      | Reached XP level 1. HP: 20/20 MP: 0/0
    67 | D:1      | Reached XP level 2. HP: 25/25 MP: 0/0
   139 | D:1      | Found a faded altar of an unknown god.
   174 | D:1      | Reached XP level 3. HP: 30/30 MP: 0/0
   174 | D:1      | Learned a level 1 spell: Sandblast
   200 | D:1      | Reached skill level 1 in Spellcasting
   200 | D:1      | Reached skill level 1 in Conjurations
   200 | D:1      | Reached skill level 1 in Hexes
   200 | D:1      | Reached skill level 1 in Summonings
   200 | D:1      | Reached skill level 1 in Necromancy
   200 | D:1      | Reached skill level 1 in Translocations
   200 | D:1      | Reached skill level 1 in Fire Magic
   200 | D:1      | Reached skill level 1 in Ice Magic
   200 | D:1      | Reached skill level 1 in Air Magic
   200 | D:1      | Reached skill level 1 in Earth Magic
   200 | D:1      | Reached skill level 1 in Alchemy
   634 | D:2      | XOM: noise
   643 | D:1      | XOM: silly message
   735 | D:1      | XOM: divination: detect items
  1172 | D:1      | XOM: scenery: create altars
  1424 | D:1      | XOM: silly message
  2048 | D:1      | XOM: cloud trail
  2374 | D:1      | XOM: silly message
  2524 | D:1      | XOM: scenery: create altars
  3594 | D:1      | XOM is BORED!
  3594 | D:1      | XOM: noise
  4018 | D:1      | XOM: god gift: silver javelin
  5031 | D:1      | XOM: silly message
  5064 | D:1      | XOM is BORED!
  5064 | D:1      | XOM: silly message
  5911 | D:1      | XOM: give mutations
  5911 | D:1      | Gained mutation: You have a beak for a mouth. [Xom's grace]
  5911 | D:1      | Gained mutation: Your muscles are strong. (Str +4, Int/Dex
                  | -1) [Xom's grace]
  5924 | D:1      | XOM is BORED!
  5924 | D:1      | XOM: stat loss: -2 Int (10/12)
  6374 | D:1      | XOM: god gift: 2 fizzy red potions {god gift}
  6593 | D:1      | XOM: cloud trail
  7043 | D:1      | XOM is BORED!
  8387 | D:1      | XOM: god gift: stone
  9325 | D:1      | XOM: give mutations
  9325 | D:1      | Gained mutation: You are somewhat resistant to further
                  | mutation. [Xom's grace]
  9325 | D:1      | Gained mutation: You are somewhat resistant to both further
                  | mutation and mutation removal. [Xom's grace]
  9325 | D:1      | Gained mutation: You are robust. (+10% HP) [Xom's grace]
  9325 | D:1      | Gained mutation: You are very robust. (+20% HP) [Xom's
                  | grace]
  9532 | D:2      | XOM: give mutations
  9532 | D:2      | Gained mutation: You passively map a small area around you.
                  | [Xom's grace]
  9532 | D:2      | Lost mutation: You are somewhat resistant to both further
                  | mutation and mutation removal. [Xom's grace]
  9532 | D:2      | Lost mutation: You are somewhat resistant to further
                  | mutation. [Xom's grace]
  9532 | D:2      | Gained mutation: You have hidden genetic potential. [Xom's
                  | grace]
  9580 | D:2      | Reached XP level 4. HP: 42/42 MP: 0/0
  9856 | D:2      | Gained mutation: Your flesh is almost immune to the effects
                  | of heat. (rF+++) [hidden potential]
 10326 | D:2      | XOM: god gift: wand of mindburst (7)
 10392 | D:2      | XOM: scenery: create altars
 10587 | D:3      | Identified the +1 chain mail of the Cockroach {rF+ rC-
                  | Dex+3}
 10649 | D:3      | Reached XP level 5. HP: 45/48 MP: 0/0
 10649 | D:3      | Learned a level 2 spell: Searing Ray
 10689 | D:3      | Found Merhis Coipu's Book Shop.
 10823 | D:3      | Gained mutation: Your natural rate of healing is unusually
                  | fast. [hidden potential]
 10823 | D:3      | Lost mutation: You have hidden genetic potential. [hidden
                  | potential expressed]
 10869 | D:3      | XOM: cloud trail
 11059 | D:4      | Noticed a black bear
 11064 | D:4      | XOM: summons friendly orange demon
 11068 | D:4      | Killed a black bear
 11069 | D:4      | Reached XP level 6. HP: 54/56 MP: 0/0
 11087 | D:4      | Found a staircase to the Ecumenical Temple.
 11136 | D:4      | Noticed an ogre
 11143 | D:4      | Killed an ogre
 11348 | D:4      | XOM: scenery: create altars
 11443 | D:5      | Entered Level 5 of the Dungeon
 11573 | D:5      | Found a sand-covered staircase.
 11595 | Ossuary  | Entered an ossuary
 11610 | Ossuary  | XOM: cast spell 'Summon Dragon'
 11613 | Ossuary  | Reached XP level 7. HP: 62/62 MP: 0/0
 11613 | Ossuary  | Learned a level 2 spell: Momentum Strike
 11657 | Ossuary  | XOM: cloud trail
 11671 | Ossuary  | Reached skill level 1 in Shields
 11902 | D:5      | XOM: god gift: scroll of fog
 11948 | D:5      | XOM: divination: magic mapping
 11955 | D:5      | Reached XP level 8. HP: 60/69 MP: 0/0
 11971 | D:5      | Found a broken altar of Ashenzari.
 11971 | D:5      | Found a sacrificial altar of Ru.
 12031 | D:5      | XOM: summons 2 friendly demons
 12151 | D:5      | Found a hazy altar of Hepliaklqana.
 12388 | D:5      | XOM: potion effect (haste)
 12748 | D:6      | Found an iron altar of Okawaru.
 12781 | D:6      | Found Imeig's One-of-a-Kind Rings.
 12896 | D:6      | Found a snail-covered altar of Cheibriados.
 12938 | D:6      | XOM: potion effect (berserk rage)
 12939 | D:6      | XOM: potion effect (brilliance)
 12942 | D:6      | Reached skill level 5 in Fighting
 12997 | D:6      | Reached skill level 5 in Dodging
 12997 | D:6      | Reached XP level 9. HP: 72/78 MP: 0/0
 12997 | D:6      | Learned a level 3 spell: Tukima's Dance
 13043 | D:6      | Found Zis Gux's Book Boutique.
 13127 | D:6      | XOM: smoke on damage
 13236 | D:6      | Found an ornate altar of the Wu Jian Council.
 13328 | D:6      | Found Oxatahic's Weapon Shop.
 13339 | D:6      | XOM: divination: magic mapping
 13554 | D:7      | Found a blossoming altar of Fedhas.
 13557 | D:7      | Found a faded altar of an unknown god.
 13559 | D:7      | Found a faded altar of an unknown god.
 13696 | D:7      | Reached skill level 5 in Long Blades
 13696 | D:7      | XOM: potion effect (brilliance)
 13739 | D:7      | XOM: give mutations
 13739 | D:7      | Lost mutation: Your natural rate of healing is unusually
                  | fast. [Xom's mischief]
 13739 | D:7      | Gained mutation: You are agile. (Dex +4, Str/Int -1) [Xom's
                  | mischief]
 13739 | D:7      | Gained mutation: You do not regenerate when monsters are
                  | visible. [Xom's mischief]
 13739 | D:7      | Gained mutation: You are occasionally teleported next to
                  | monsters. [Xom's mischief]
 13865 | D:7      | XOM: stat loss: -1 Int (11/12)
 13872 | D:7      | XOM: polymorph kobold -> shapeshifter
 13929 | D:7      | XOM: noise
 13962 | D:7      | Identified a scroll of acquirement
 13962 | D:7      | Acquired 642 gold pieces
 14026 | D:6      | Bought a +8 ring of dexterity for 770 gold pieces
 14096 | D:7      | Found a glowing golden altar of the Shining One.
 14180 | D:7      | XOM: enchant monster (bad)
 14295 | D:8      | XOM: confuse monster(s)
 14339 | D:8      | Reached skill level 5 in Armour
 14339 | D:8      | Reached skill level 5 in Spellcasting
 14339 | D:8      | Reached skill level 5 in Conjurations
 14339 | D:8      | Reached skill level 5 in Hexes
 14339 | D:8      | Reached skill level 5 in Summonings
 14339 | D:8      | Reached skill level 5 in Necromancy
 14339 | D:8      | Reached skill level 5 in Translocations
 14339 | D:8      | Reached skill level 5 in Fire Magic
 14339 | D:8      | Reached skill level 5 in Ice Magic
 14339 | D:8      | Reached skill level 5 in Air Magic
 14339 | D:8      | Reached skill level 5 in Earth Magic
 14339 | D:8      | Reached skill level 5 in Alchemy
 14340 | D:8      | XOM: enchant monster (good)
 14566 | D:7      | Reached XP level 10. HP: 75/86 MP: 0/0
 14570 | D:7      | XOM: summons 6 hostile demons
 14732 | D:8      | XOM: summons friendly crimson imp
 14752 | D:8      | XOM: summons friendly shadow imp
 14985 | D:7      | XOM: polymorph yak -> dart slug
 15064 | D:8      | XOM: summons friendly crimson imp
 15069 | D:7      | XOM: divine lightning
 15074 | D:8      | XOM: divination: detect creatures
 15224 | D:8      | XOM: summons friendly white imp
 15340 | D:7      | XOM: god gift: flail {god gift}
 15484 | D:8      | XOM: confusion (+ monsters)
 15581 | D:8      | Identified the +9 hand axe of the Twelve Coins {protect,
                  | Int+3}
 15798 | D:8      | Found a hide-covered altar of Uskayaw.
 16313 | D:9      | Reached skill level 5 in Shields
 16337 | D:9      | Noticed Maggie
 16339 | D:9      | XOM: enchant monster (good)
 16343 | D:9      | Found a staircase to the Lair.
 16343 | D:9      | Noticed a komodo dragon
 16343 | D:9      | XOM: 3-stop teleportation journey
 16371 | D:9      | XOM: give mutations
 16371 | D:9      | Gained mutation: Your muscles are very strong. (Str +8,
                  | Int/Dex -2) [Xom's grace]
 16371 | D:9      | Gained mutation: You are partially covered in iridescent
                  | scales. (AC +2) [Xom's grace]
 16371 | D:9      | Gained mutation: You have a somewhat thin skeletal
                  | structure. (Dex +2, Stealth+) [Xom's grace]
 16371 | D:9      | Gained mutation: You expend health (3 HP) to strengthen
                  | your wands. [Xom's grace]
 16436 | D:9      | XOM: god gift: runed great mace {god gift}
 16535 | D:9      | Killed Maggie
 16536 | D:9      | Reached skill level 1 in Evocations
 16896 | D:9      | XOM: god gift: 47 gold pieces
 16908 | D:9      | XOM: enchant monster (good)
 16914 | D:9      | Killed a komodo dragon
 16915 | D:9      | Reached XP level 11. HP: 60/93 MP: 0/0
 16915 | D:9      | Learned a level 4 spell: Cause Fear
 17129 | D:10     | Entered Level 10 of the Dungeon
 17140 | D:10     | Found an opulent altar of Gozag.
 17141 | D:10     | Found a glowing silver altar of Zin.
 17166 | D:10     | Found a staircase to the Orcish Mines.
 17199 | D:10     | Noticed a cyclops
 17252 | D:10     | XOM: summons 9 friendly demons
 17253 | D:10     | Killed a cyclops
 17377 | D:10     | Noticed Snorg
 17378 | D:10     | Noticed a manticore
 17385 | D:10     | XOM: cleaving
 17406 | D:10     | Killed Snorg
 17451 | D:9      | XOM: god gift: 35 gold pieces
 17591 | D:9      | XOM: summons 1 hostile demon
 17645 | D:10     | XOM: stat loss: -1 Dex (28/29)
 17657 | D:10     | Killed a manticore
 17657 | D:10     | Noticed a meliai
 17665 | D:10     | XOM: fake destruction
 17666 | D:10     | XOM: chaos cloud
 17667 | D:10     | Killed a meliai
 17688 | D:10     | XOM: 1-stop teleportation journey
 17758 | D:10     | XOM: summons 6 hostile demons
 17809 | D:10     | Found a burning altar of Makhleb.
 17809 | D:10     | XOM: 5-stop teleportation journey
 18063 | D:10     | XOM: silly message
 18065 | D:10     | XOM: confusion
 18187 | D:10     | Noticed a centaur warrior
 18195 | D:10     | Noticed a tengu warrior
 18202 | D:10     | Noticed a centaur warrior
 18204 | D:10     | XOM: enchant monster (bad)
 18252 | D:9      | XOM: summons 1 hostile shadow creature
 18258 | D:9      | Killed a tengu warrior
 18456 | D:9      | XOM: give mutations
 18456 | D:9      | Gained mutation: You are extremely robust. (+30% HP) [Xom's
                  | grace]
 18456 | D:9      | Gained mutation: You are somewhat resistant to further
                  | mutation. [Xom's grace]
 18458 | D:10     | XOM: enchant monster (good)
 18524 | D:10     | Found a shimmering altar of Xom.
 18635 | D:10     | Killed a centaur warrior
 18782 | D:10     | Identified the +5 orcbow "Duoffyri" {heavy, rPois rF+ Str+3
                  | Int-5 Dex+3}
 18782 | D:10     | Noticed an orc knight
 18795 | D:10     | Killed an orc knight
 18796 | D:10     | Reached XP level 12. HP: 80/110 MP: 0/0
 18805 | D:10     | Reached skill level 5 in Evocations
 18836 | D:10     | XOM: silly message
 19005 | D:10     | Killed a centaur warrior
 19489 | D:10     | XOM: silly message
 19507 | D:10     | Found Miecits's Book Shop.
 19638 | D:10     | XOM: give mutation
 19638 | D:10     | Lost mutation: Your flesh is almost immune to the effects
                  | of heat. (rF+++) [Xom's mischief]
 19850 | D:11     | XOM: blink monster(s)
 19852 | D:11     | XOM: smoke on damage
 19989 | D:11     | Noticed a skeletal warrior
 19989 | D:11     | Noticed a skeletal warrior
 19989 | D:11     | Noticed a skeletal warrior
 19991 | D:11     | XOM: blink monster(s)
 19994 | D:11     | XOM: cast spell 'Cause Fear'
 20209 | D:11     | XOM: enchant monster (good)
 20444 | Lair:1   | Entered Level 1 of the Lair of Beasts
 20571 | Lair:1   | XOM: enchant monster (good)
 20589 | Lair:1   | XOM: cast spell 'Leda's Liquefaction'
 20663 | Lair:1   | XOM: divination: magic mapping
 20920 | Lair:1   | Noticed Harold
 20949 | Lair:1   | Killed Harold
 20956 | Lair:1   | XOM: scenery: create altars
 20960 | Lair:1   | XOM: scenery: create altars
 20965 | Lair:1   | HP: 5/111 [yak (1)]
 20967 | Lair:1   | Reached XP level 13. HP: 5/119 MP: 0/0
 20967 | Lair:1   | Learned a level 5 spell: Summon Mana Viper
 21281 | Lair:1   | XOM: god gift: dagger {god gift}
 21319 | Lair:1   | XOM: enchant monster (good)
 21324 | Lair:1   | XOM: polymorph cane toad -> jelly
 21367 | Lair:1   | Noticed Erica
 21382 | Lair:1   | Noticed Erica
 21382 | Lair:1   | XOM: polymorph something unseen -> Erica the ogre
 21399 | Lair:1   | Erica the ogre changed into Erica the sky beast
 21399 | Lair:1   | Noticed Erica
 21399 | Lair:1   | XOM: polymorph Erica the ogre -> Erica the sky beast
 21406 | Lair:1   | Killed Erica the sky beast
 21411 | Lair:1   | XOM: give mutation
 21411 | Lair:1   | Lost mutation: You are somewhat resistant to further
                  | mutation. [Xom's grace]
 21411 | Lair:1   | Gained mutation: You have hidden genetic potential. [Xom's
                  | grace]
 21603 | Lair:1   | XOM: give mutation
 21603 | Lair:1   | Lost mutation: Your muscles are very strong. (Str +8,
                  | Int/Dex -2) [Xom's mischief]
 21651 | Lair:1   | Noticed Urug
 21662 | Lair:1   | XOM: 1-stop teleportation journey
 21697 | Lair:1   | XOM: smoke on damage
 21705 | Lair:1   | XOM: enchant monster (bad)
 21708 | Lair:1   | XOM: confusion
 21737 | Lair:1   | XOM: silly message
 21746 | Lair:1   | XOM: fog
 21763 | Lair:1   | XOM: draining
 21765 | Lair:1   | XOM: confusion
 22066 | Lair:1   | Killed Urug
 22117 | Lair:1   | XOM: summons 4 hostile demons
 22126 | Lair:1   | XOM: enchant monster (bad)
 22129 | Lair:1   | XOM: smoke on damage
 22135 | Lair:1   | XOM: polymorph ynoxinul -> white imp
 22136 | Lair:1   | XOM: cast spell 'Iskenderun's Battlesphere'
 22403 | D:9      | XOM: noise
 22411 | D:9      | Slain by a yak

Illustrated notes

Levels and vault maps discovered:
D:1:      kennysheep_arrival_seaside, layout_rooms, serial_glass,
          glass_columns_a, glass_columns_c, hellmonk_ecumenical_altar_zigzags,
          minmay_pentomino_x2
D:2:      layout_basic
D:3:      minmay_diamond_boxcup, layout_rooms, lemuel_coloured_pillars_altar,
          serial_shops, nicolae_book_shop_shelving
D:4:      layout_rooms, minmay_temple_entry_water_ring
D:5:      layout_basic, general_overflow_altar, minitemple,
          mainiacjoe_ossuary_entry_dusty_tomb, kennysheep_generic_room_14
D:6:      layout_loops_cross, lemuel_doored_altar,
          nicolae_wu_jian_immortal_techniques, mainiacjoe_overflow_tiny_flanked,
          serial_shops, nicolae_shop_rolling_square, shop,
          nicolae_shop_unique_rings
D:7:      layout_basic, tso_altar, chequers_temple_overflow_minitemple
D:8:      black_bear_nest_2, layout_cave_pools, kennysheep_mini, enter_bailey_2,
          minmay_fractal_squares_diagonal_5
D:9:      layout_rooms, david_lair_shrubbed, nicolae_titane, uniq_maggie
D:10:     hangedman_cross_cluster, layout_irregular_city, bloody_makhleb,
          grunt_temple_overflow_gold_and_silver,
          mainiacjoe_overflow_surrounded_room, orc_0_dummy, serial_rivers,
          chequers_serial_rivers_small_3, chequers_serial_rivers_marsh,
          chequers_serial_rivers_large_a, chequers_serial_rivers_small_b,
          chequers_serial_rivers_micro_d, serial_shops,
          nicolae_shop_tiny_real_fake_doors, uniq_snorg
D:11:     layout_roguey, grunt_ministairs_10, uniq_sonja
Lair:1:   layout_big_grid, serial_bayou_ford_a, beast_lair_carwin_9,
          grunt_megastairs_1, uniq_harold, uniq_urug, uniq_erica

Skill      XL: |  1  2  3  4  5  6  7  8  9 10 11 12 13 |
---------------+----------------------------------------+-----
Spellcasting   | 1 2 3 4 5 6 7 8 |  8.3
Conjurations   | 1 2 3 4 5 6 7 8 |  8.3
Hexes          | 1 2 3 4 5 6 7 8 |  8.3
Summonings     | 1 2 3 4 5 6 7 8 |  8.3
Necromancy     | 1 2 3 4 5 6 7 8 |  8.3
Translocations | 1 2 3 4 5 6 7 8 |  8.3
Fire Magic     | 1 2 3 4 5 6 7 8 |  8.3
Ice Magic      | 1 2 3 4 5 6 7 8 |  8.3
Air Magic      | 1 2 3 4 5 6 7 8 |  8.3
Earth Magic    | 1 2 3 4 5 6 7 8 |  8.3
Alchemy        | 1 2 3 4 5 6 7 8 |  8.3
Long Blades    | 3 4 5 6 7 |  7.6
Armour         | 2 3 4 5 6 7 |  7.7
Dodging        | 3 4 5 7 8 |  8.8
Fighting       | 4 5 6 7 8 |  8.3
Shields        | 1 2 4 5 6 7 |  7.2
Evocations     | 1 4 6 7 |  7.3

Action                     |  1- 3 |  4- 6 |  7- 9 | 10-12 | 13-15 || total
---------------------------+-------+-------+-------+-------+-------++-------
  Melee: Falchion          |    75 |   164 |   155 |       |       ||   394
         Peck              |     1 |    22 |    63 |   172 |    38 ||   296
         Long sword        |       |       |   136 |   600 |   112 ||   848
         Unarmed           |       |       |       |     9 |       ||     9
   Cast: Searing Ray       |       |     1 |     1 |       |       ||     2
         Tukima's Dance    |       |       |       |     2 |       ||     2
         Cause Fear        |       |       |       |       |     1 ||     1
  Evoke: Wand              |       |     3 |       |     5 |       ||     8
    Use: Potion            |     1 |     3 |       |     2 |     1 ||     7
         Scroll            |       |     8 |     5 |     6 |     1 ||    20
   Stab: Paralysed         |       |     1 |       |     4 |       ||     5
         Confused          |       |       |     2 |     2 |       ||     4
         Petrified         |       |       |     5 |       |     3 ||     8
         Sleeping          |       |       |     1 |    11 |       ||    12
         Distracted        |       |       |       |     1 |       ||     1
         Petrifying        |       |       |       |       |     1 ||     1
 Armour: Leather armour    |    51 |   116 |   191 |     4 |       ||   362
         Steam dragon scal |       |       |       |   107 |       ||   107
         Acid dragon scale |       |       |       |   215 |    79 ||   294
         Skin              |       |       |       |     6 |       ||     6
  Dodge: Dodged            |    34 |   114 |   191 |   697 |   196 ||  1232
  Block: Buckler           |       |     1 |    65 |   316 |    92 ||   474

Table legend: (Time is in decaauts)
 A = Elapsed time spent in this place.
 B = Non-inter-level travel time spent in this place.
 C = Inter-level travel time spent in this place.
 D = Time resting spent in this place.
 E = Time spent auto-exploring this place.
 F = Levels seen in this place.
 G = Mean time per level.
                   A        B        C        D        E       F      G
               +--------+--------+--------+--------+--------+-----+--------+
         Total |  22606 |  22155 |    451 |  12186 |   6931 |  13 | 1738.9 |
       Dungeon |  20829 |  20379 |    450 |  11687 |   6291 |  11 | 1893.5 |
          Lair |   1470 |   1470 |      0 |    499 |    479 |   1 | 1470.0 |
       Ossuary |    306 |    306 |      0 |      0 |    160 |   1 |  306.0 |
               +--------+--------+--------+--------+--------+-----+--------+

Top non-repeatable levels by time:
     D:1: 9455 daAuts
    D:10: 2328 daAuts
     D:9: 2119 daAuts
     D:7: 1680 daAuts
  Lair:1: 1470 daAuts
     D:2: 1089 daAuts
     D:5: 951 daAuts
     D:8: 855 daAuts
     D:6: 824 daAuts
    D:11: 592 daAuts
     D:3: 472 daAuts
     D:4: 459 daAuts
 Ossuary: 306 daAuts
